[Event "11th LCC Super Blitz 2019"]
[Site "London"]
[Date "2019.12.08"]
[Round "3.15"]
[White "Kirupakaran, Vishnu"]
[Black "Essis, Essoh Jean Mathieu C"]
[Result "1-0"]
[ECO "C78"]
[WhiteElo "1871"]
[BlackElo "1438"]
[Annotator "NA"]
[PlyCount "65"]
[EventDate "2019.12.08"]
[EventType "swiss"]
[EventCountry "ENG"]
[SourceTitle "playchess.com"]
[Source "ChessBase"]
[SourceQuality "1"]
[TimeControl "180+2"]

1. e4 e5 2. Nf3 Nc6 3. Bb5 a6 4. Ba4 Nf6 5. O-O b5 6. Bb3 h6 7. Re1 d6 8. c3 Bg4 9. h3 Bh5 10. d3 b4 11. Ba4 Qd7 12. cxb4 Be7 13. Nbd2 O-O 14. Nf1 d5 15. Ng3 Bxf3 16. Qxf3 Qd6 17. a3 Nd4 18. Qd1 c5 19. bxc5 Qxc5 20. Be3 Qa7 21. Nf5 Nxf5 22. Bxa7 dxe4 23. dxe4 Rfd8 24. Qc1 Nd4 25. Bxd4 Rxd4 26. Bb3 Rb8 27. Bd5 Nxd5 28. exd5 Rxd5 29. Qc7 Re8 30. Rxe5 Rxe5 31. Qxe5 Kf8 32. Re1 Bf6 33. Qxe8# {[%emt 0:00:03] Be5} 1-0

[Event "11th LCC Super Blitz 2019"]
[Site "London"]
[Date "2019.12.08"]
[Round "4.1"]
[White "Aravindh, Chithambaram Vr"]
[Black "Howell, David Wl"]
[Result "1/2-1/2"]
[ECO "A30"]
[WhiteElo "2560"]
[BlackElo "2650"]
[Annotator "ChessBase"]
[PlyCount "54"]
[EventDate "2019.12.08"]
[EventType "swiss"]
[EventCountry "ENG"]
[SourceTitle "playchess.com"]
[Source "ChessBase"]
[SourceQuality "1"]
[TimeControl "180+2"]

1. Nf3 Nf6 2. c4 b6 3. g3 Bb7 4. Bg2 g6 5. b3 Bg7 6. Bb2 O-O 7. O-O c5 8. d4 cxd4 9. Qxd4 d5 10. cxd5 Qxd5 11. Na3 Nc6 12. Qf4 Nh5 13. Qc1 Rac8 14. Nc4 Bxb2 15. Qxb2 Qe6 16. Nfe5 Nxe5 17. Bxb7 Rc7 18. Qxe5 Qxe5 19. Nxe5 Rxb7 20. Rfc1 Rd8 21. Rc2 Ng7 22. Rac1 Ne6 23. Rc8 Rxc8 24. Rxc8+ Kg7 25. f4 f6 26. Nd3 Kf7 27. Kf2 Rc7 1/2-1/2

[Event "11th LCC Super Blitz 2019"]
[Site "London"]
[Date "2019.12.08"]
[Round "4.1"]
[White "Royal, Shreyas"]
[Black "Maze, Sebastien"]
[Result "1/2-1/2"]
[ECO "E70"]
[WhiteElo "1941"]
[BlackElo "2549"]
[Annotator "ChessBase"]
[PlyCount "102"]
[EventDate "2019.12.08"]
[EventType "swiss"]
[EventCountry "ENG"]
[SourceTitle "playchess.com"]
[Source "ChessBase"]
[SourceQuality "1"]
[TimeControl "180+2"]

1. d4 Nf6 2. c4 g6 3. Nc3 Bg7 4. e4 d6 5. Nge2 O-O 6. Ng3 h5 7. Be2 c5 8. d5 e6 9. O-O exd5 10. cxd5 h4 11. Nh1 a6 12. a4 h3 13. g4 Nbd7 14. f3 Nh7 15. Be3 f5 16. gxf5 gxf5 17. exf5 Rxf5 18. Nf2 Ne5 19. f4 Ng6 20. Bg4 Rf7 21. Nxh3 Qh4 22. Bxc8 Rxc8 23. Qf3 Re8 24. Bf2 Qh6 25. Kh1 Nxf4 26. Nxf4 Rxf4 27. Qg2 Ref8 28. Bg3 Rxf1+ 29. Rxf1 Rxf1+ 30. Qxf1 Qg6 31. Qe2 Ng5 32. Qg4 Qf6 33. Kg2 b5 34. axb5 axb5 35. Bh4 Bh6 36. Bxg5 Bxg5 37. h4 Kf7 38. Qxg5 Qd4 39. Qf5+ Kg7 40. Qg5+ Kf7 41. Qf5+ Kg7 42. Qd7+ Kg8 43. Qe6+ Kg7 44. Qe7+ Kg8 45. Qg5+ Kf7 46. Qf5+ Kg7 47. Qd7+ Kg8 48. Qe6+ Kg7 49. Qe7+ Kg8 50. Qe8+ Kg7 51. Qe7+ Kg8 1/2-1/2

[Event "11th LCC Super Blitz 2019"]
[Site "London"]
[Date "2019.12.08"]
[Round "4.2"]
[White "Mortazavi, Ali"]
[Black "Arkell, Keith C"]
[Result "0-1"]
[ECO "E14"]
[WhiteElo "2333"]
[BlackElo "2453"]
[Annotator "ChessBase"]
[PlyCount "104"]
[EventDate "2019.12.08"]
[EventType "swiss"]
[EventCountry "ENG"]
[SourceTitle "playchess.com"]
[Source "ChessBase"]
[SourceQuality "1"]
[TimeControl "180+2"]

1. d4 Nf6 2. Nf3 e6 3. e3 c5 4. Bd3 cxd4 5. exd4 Be7 6. O-O b6 7. b3 Bb7 8. Bb2 O-O 9. Nbd2 d6 10. Re1 Nbd7 11. c4 Re8 12. Rc1 Bf8 13. Bb1 g6 14. a4 a5 15. Ng5 Bg7 16. Nf1 h6 17. Nf3 Qc7 18. Ne3 Rad8 19. h3 Qb8 20. Ba3 e5 21. dxe5 dxe5 22. Nd5 Nc5 23. Nxf6+ Bxf6 24. Qe2 e4 25. Nh2 Nd3 26. Ng4 Bg7 27. Qe3 Nxe1 28. Rxe1 Kh7 29. Qxb6 Ba8 30. Nf6+ Bxf6 31. Qxf6 Qe5 32. Qxf7+ Qg7 33. Qf4 Rd7 34. h4 Qe5 35. Qe3 Red8 36. Bc1 Qg7 37. Bc2 Bc6 38. Qc5 Qf6 39. Be3 Ba8 40. Qxa5 Qxh4 41. c5 Qf6 42. Qb5 Qc3 43. Re2 Qa1+ 44. Kh2 Qe5+ 45. g3 Qh5+ 46. Kg2 Qf3+ 47. Kh2 Qh5+ 48. Kg2 Qf3+ 49. Kh2 Rd1 50. Bxd1 Rxd1 51. Qd7+ Rxd7 52. Re1 Rd5 0-1

[Event "11th LCC Super Blitz 2019"]
[Site "London"]
[Date "2019.12.08"]
[Round "4.2"]
[White "Stoyanov, Viktor"]
[Black "Grover, Sahaj"]
[Result "0-1"]
[ECO "C07"]
[WhiteElo "2191"]
[BlackElo "2486"]
[Annotator "ChessBase"]
[PlyCount "98"]
[EventDate "2019.12.08"]
[EventType "swiss"]
[EventCountry "ENG"]
[SourceTitle "playchess.com"]
[Source "ChessBase"]
[SourceQuality "1"]
[TimeControl "180+2"]

1. e4 e6 2. d4 d5 3. Nd2 c5 4. exd5 Qxd5 5. dxc5 Bxc5 6. Ngf3 Nf6 7. Bc4 Qh5 8. O-O Nc6 9. c3 e5 10. Be2 O-O 11. b4 Bb6 12. a4 Bc7 13. h3 Bxh3 14. gxh3 e4 15. Kg2 Rad8 16. Rg1 exf3+ 17. Bxf3 Qe5 18. Qe2 Qh2+ 19. Kf1 Rfe8 20. Rh1 Rxe2 21. Rxh2 Rexd2 22. Bxd2 Bxh2 23. Be3 Nd5 24. Bxd5 Rxd5 25. b5 Na5 26. Bxa7 Be5 27. Re1 g5 28. Re3 Nc4 29. Re2 Bxc3 30. Rc2 Nd2+ 31. Ke2 Ba5 32. Be3 Ne4 33. Rc8+ Kg7 34. Rb8 Nc3+ 35. Kf3 Rd7 36. Rc8 Nxa4 37. Bxg5 b6 38. Be3 Nc3 39. Rc6 Nxb5 40. Bxb6 Nd4+ 41. Bxd4+ Rxd4 42. Rc5 Bb6 43. Rc6 Rb4 44. Rc2 Rb3+ 45. Kg2 Kg6 46. Rc6+ f6 47. Rc2 h5 48. f3 Bd4 49. Rd2 Rb2 0-1

[Event "11th LCC Super Blitz 2019"]
[Site "London"]
[Date "2019.12.08"]
[Round "4.3"]
[White "Beinoras, Mindaugas"]
[Black "Ozturan, Cem"]
[Result "1-0"]
[ECO "D00"]
[WhiteElo "2401"]
[BlackElo "1853"]
[Annotator "NA"]
[PlyCount "81"]
[EventDate "2019.12.08"]
[EventType "swiss"]
[EventCountry "ENG"]
[SourceTitle "playchess.com"]
[Source "ChessBase"]
[SourceQuality "1"]
[TimeControl "180+2"]

1. d4 Nf6 2. Bg5 d5 3. e3 h6 4. Bh4 c6 5. Bd3 e6 6. f4 Be7 7. Nf3 Nbd7 8. Nbd2 b6 9. O-O O-O 10. Ne5 Bb7 11. a4 c5 12. c3 Ne4 13. Bxe7 Qxe7 14. Bxe4 dxe4 15. Qc2 Nxe5 16. fxe5 cxd4 17. exd4 Rac8 18. Nxe4 Bxe4 19. Qxe4 Rfd8 20. Rf3 Qg5 21. Raf1 Rc7 22. Rg3 Qe7 23. Qg4 Qf8 24. h4 Rdc8 25. h5 Rd8 26. Qf4 Kh7 27. Qe4+ Kh8 28. Rf4 a6 29. Rfg4 b5 30. axb5 axb5 31. Kh2 b4 32. cxb4 Rc4 33. Qe3 Rxb4 34. b3 Rdb8 35. Qf4 Rxb3 36. Rxg7 Qxg7 37. Rxg7 Kxg7 38. Qf6+ Kg8 39. Qxh6 R8b4 40. Qg5+ Kh7 41. h6 1-0

[Event "11th LCC Super Blitz 2019"]
[Site "London"]
[Date "2019.12.08"]
[Round "4.3"]
[White "Ratnesan, Ranesh"]
[Black "Willow, Jonah B"]
[Result "0-1"]
[ECO "A37"]
[WhiteElo "2213"]
[BlackElo "2355"]
[Annotator "NA"]
[PlyCount "66"]
[EventDate "2019.12.08"]
[EventType "swiss"]
[EventCountry "ENG"]
[SourceTitle "playchess.com"]
[Source "ChessBase"]
[SourceQuality "1"]
[TimeControl "180+2"]

1. Nf3 c5 2. c4 Nc6 3. Nc3 g6 4. g3 Bg7 5. Bg2 e6 6. O-O Nge7 7. d3 O-O 8. Rb1 b6 9. a3 d5 10. cxd5 exd5 11. Qc2 Bb7 12. e4 dxe4 13. dxe4 Nd4 14. Qd1 Nec6 15. Nd5 Nxf3+ 16. Qxf3 Nd4 17. Qd1 f5 18. Nc3 Kh8 19. Be3 fxe4 20. Nxe4 Qe7 21. Qg4 Rae8 22. Bg5 Qe5 23. Bf4 Qd5 24. Rbe1 Nc2 25. Rd1 Qc6 26. Rd6 Qc8 27. Qxc8 Bxc8 28. Rd2 Nd4 29. Nd6 Rd8 30. Nxc8 Rxc8 31. Bd5 Rcd8 32. Bc4 Nf3+ 33. Kg2 Nxd2 0-1

[Event "11th LCC Super Blitz 2019"]
[Site "London"]
[Date "2019.12.08"]
[Round "4.3"]
[White "Stepanyan, Henrik"]
[Black "Wallace, John Paul"]
[Result "1/2-1/2"]
[ECO "E90"]
[WhiteElo "2193"]
[BlackElo "2344"]
[Annotator "NA"]
[PlyCount "128"]
[EventDate "2019.12.08"]
[EventType "swiss"]
[EventCountry "ENG"]
[SourceTitle "playchess.com"]
[Source "ChessBase"]
[SourceQuality "1"]
[TimeControl "180+2"]

1. d4 Nf6 2. c4 g6 3. Nc3 Bg7 4. Nf3 O-O 5. e4 d6 6. h3 e5 7. dxe5 dxe5 8. Qxd8 Rxd8 9. Bg5 Na6 10. Nd5 Rd6 11. Bxf6 Bxf6 12. Rc1 b6 13. b4 c5 14. b5 Nb8 15. Nc7 Bb7 16. Nxa8 Bxa8 17. Rd1 Rxd1+ 18. Kxd1 Bxe4 19. Nd2 Bf5 20. g4 Be6 21. Bg2 Bg5 22. Bd5 Bc8 23. Re1 Bf4 24. Nf3 Nd7 25. Kc2 Kf8 26. Bc6 f6 27. Nd2 Ke7 28. Ne4 Nf8 29. Bd5 Ne6 30. Bxe6 Bxe6 31. Kb3 f5 32. gxf5 gxf5 33. Nc3 e4 34. Nd5+ Bxd5 35. cxd5 Kd6 36. Kc4 Ke5 37. Rg1 Bd2 38. Rg7 Be1 39. Re7+ Kd6 40. Re6+ Kd7 41. Rf6 Bxf2 42. Rxf5 e3 43. Re5 h5 44. Re6 h4 45. Kd3 Kc7 46. a4 Kd7 47. Rg6 Kc7 48. Rg7+ Kd6 49. Rxa7 c4+ 50. Ke2 Kxd5 51. Rc7 Kd4 52. a5 bxa5 53. b6 Bg3 54. Ra7 c3 55. Rxa5 c2 56. Ra1 Kc3 57. b7 Kb2 58. Rf1 c1=Q 59. Rxc1 Kxc1 60. Kxe3 Kd1 61. Kf3 Ke1 62. Kg2 Ke2 63. Kh1 Kf1 64. b8=Q Bxb8 1/2-1/2

[Event "11th LCC Super Blitz 2019"]
[Site "London"]
[Date "2019.12.08"]
[Round "4.4"]
[White "Klingher, Dominic"]
[Black "Bird, Joel"]
[Result "1-0"]
[ECO "C30"]
[WhiteElo "2071"]
[BlackElo "2009"]
[Annotator "NA"]
[PlyCount "32"]
[EventDate "2019.12.08"]
[EventType "swiss"]
[EventCountry "ENG"]
[SourceTitle "playchess.com"]
[Source "ChessBase"]
[SourceQuality "1"]
[TimeControl "180+2"]

1. e4 e5 2. Nc3 Nf6 3. Bc4 Nc6 4. d3 Bc5 5. f4 d6 6. Nf3 a6 7. Qe2 Bg4 8. Be3 Nd4 9. Bxd4 Bxd4 10. h3 Bxf3 11. Qxf3 Qe7 12. g4 exf4 13. g5 Nd7 14. Nd5 Qd8 15. c3 Be3 16. Nxe3 fxe3 1-0

[Event "11th LCC Super Blitz 2019"]
[Site "London"]
[Date "2019.12.08"]
[Round "4.4"]
[White "Rahman, Asad"]
[Black "Cox, John J"]
[Result "0-1"]
[ECO "C04"]
[WhiteElo "1923"]
[BlackElo "2346"]
[Annotator "NA"]
[PlyCount "94"]
[EventDate "2019.12.08"]
[EventType "swiss"]
[EventCountry "ENG"]
[SourceTitle "playchess.com"]
[Source "ChessBase"]
[SourceQuality "1"]
[TimeControl "180+2"]

1. e4 e6 2. d4 d5 3. Nd2 Nc6 4. Ngf3 Nf6 5. exd5 exd5 6. Bd3 Bd6 7. O-O O-O 8. c4 dxc4 9. Nxc4 Bg4 10. Be3 Re8 11. h3 Bh5 12. Be2 Qe7 13. Re1 Rad8 14. Qb3 b6 15. Rac1 Nb8 16. Nce5 Qe6 17. Bc4 Qe7 18. Nxf7 Bxf7 19. Bg5 Bxc4 20. Qxc4+ Qf7 21. Ne5 Qxc4 22. Rxc4 Nbd7 23. f4 h6 24. Bh4 c5 25. Rd1 cxd4 26. Nc6 Rc8 27. a3 Bxf4 28. b4 Kh7 29. b5 Be3+ 30. Kh2 Nc5 31. Nxa7 Ra8 32. Nc6 Rxa3 33. Nxd4 Rd8 34. Be1 Ra4 35. Rxa4 Nxa4 36. Ra1 Rxd4 37. Ra3 Bf4+ 38. g3 Bd6 39. Rf3 Nc5 40. h4 Nce4 41. Kh3 h5 42. Bf2 Nxf2+ 43. Rxf2 Rd3 44. Rg2 Rxg3+ 45. Rxg3 Bxg3 46. Kxg3 Nd5 47. Kf3 Nc7 0-1

[Event "11th LCC Super Blitz 2019"]
[Site "London"]
[Date "2019.12.08"]
[Round "4.4"]
[White "Stamatopoulos, Apostolos"]
[Black "Bukojemski, Adam"]
[Result "0-1"]
[ECO "E61"]
[WhiteElo "1782"]
[BlackElo "2219"]
[Annotator "NA"]
[PlyCount "132"]
[EventDate "2019.12.08"]
[EventType "swiss"]
[EventCountry "ENG"]
[SourceTitle "playchess.com"]
[Source "ChessBase"]
[SourceQuality "1"]
[TimeControl "180+2"]

1. d4 Nf6 2. Nf3 g6 3. c4 Bg7 4. Bf4 c5 5. e3 O-O 6. Nc3 d6 7. h3 b6 8. Be2 Bb7 9. O-O Nbd7 10. d5 a6 11. Qc2 Re8 12. Rad1 Ra7 13. a3 Ba8 14. Rfe1 Nf8 15. Bh2 Rd7 16. e4 e5 17. dxe6 Nxe6 18. Nd5 Nxd5 19. exd5 Nc7 20. h4 Rde7 21. Bd3 b5 22. b3 Bb7 23. h5 Bc8 24. hxg6 hxg6 25. Bg3 Bg4 26. Rxe7 Qxe7 27. Re1 Qf6 28. Rxe8+ Nxe8 29. Qe2 Nc7 30. cxb5 axb5 31. Bxb5 Nxd5 32. Bc4 Ne7 33. Bh4 Qxh4 34. Nxh4 Bxe2 35. Bxe2 d5 36. a4 Bc3 37. Nf3 Nc6 38. Bb5 Na5 39. Kf1 Nxb3 40. Ke2 Na5 41. Kd3 Bf6 42. Nd2 Kf8 43. Nb1 Ke7 44. Nc3 Kd6 45. Be8 c4+ 46. Kc2 Bxc3 47. Kxc3 Kc5 48. Bxf7 g5 49. g3 d4+ 50. Kc2 Kb4 51. Be8 Nb7 52. Bc6 Nc5 53. Bd5 Nxa4 54. f4 gxf4 55. gxf4 Nc5 56. f5 Nd7 57. Be6 Nf6 58. Bf7 Kc5 59. Be6 Ng4 60. Kd2 c3+ 61. Kc2 Ne5 62. f6 Kb4 63. f7 d3+ 64. Kd1 c2+ 65. Kd2 Nf3+ 66. Kc1 Kc3 0-1

[Event "11th LCC Super Blitz 2019"]
[Site "London"]
[Date "2019.12.08"]
[Round "4.5"]
[White "Roberson, Peter T"]
[Black "Balaji, Aaravamudhan"]
[Result "1-0"]
[ECO "C78"]
[WhiteElo "2282"]
[BlackElo "2120"]
[Annotator "NA"]
[PlyCount "121"]
[EventDate "2019.12.08"]
[EventType "swiss"]
[EventCountry "ENG"]
[SourceTitle "playchess.com"]
[Source "ChessBase"]
[SourceQuality "1"]
[TimeControl "180+2"]

1. e4 e5 2. Nf3 Nc6 3. Bb5 a6 4. Ba4 Nf6 5. O-O b5 6. Bb3 Bc5 7. a4 Rb8 8. c3 d6 9. d4 Bb6 10. a5 Ba7 11. h3 O-O 12. Be3 exd4 13. cxd4 d5 14. e5 Ne4 15. Nc3 b4 16. Nxd5 Be6 17. Nf4 Bxb3 18. Qxb3 Nxd4 19. Bxd4 Bxd4 20. Rad1 c5 21. Qc2 Ng5 22. Nxd4 cxd4 23. Qc4 Qxa5 24. Rfe1 b3 25. Qxd4 Ne6 26. Nxe6 fxe6 27. Qc4 Qb6 28. Re3 Rfc8 29. Qg4 Re8 30. Rd7 g6 31. Qf4 Rf8 32. Qh6 Rf7 33. Rxf7 Kxf7 34. Qxh7+ Ke8 35. Qxg6+ Kd7 36. Qf7+ Kc6 37. Qxe6+ Kc5 38. Rc3+ Kd4 39. Qf5 Qb5 40. Qf4+ Kd5 41. Qe3 Ke6 42. Qf3 Qb4 43. Qf6+ Kd7 44. Rd3+ Kc7 45. Qd6+ Qxd6 46. exd6+ Kd7 47. g4 a5 48. g5 a4 49. Rd1 Rb5 50. f4 Rf5 51. Kg2 Rxf4 52. Kg3 Rf5 53. h4 Rc5 54. Ra1 Kxd6 55. Rxa4 Rc2 56. g6 Ke6 57. h5 Kf6 58. Rf4+ Kg7 59. Rf2 Rc5 60. Rf3 Rb5 61. Kg4 1-0

[Event "11th LCC Super Blitz 2019"]
[Site "London"]
[Date "2019.12.08"]
[Round "4.5"]
[White "Tanmay Chopra"]
[Black "Orlovska, Madara"]
[Result "1-0"]
[ECO "A80"]
[WhiteElo "2100"]
[BlackElo "2072"]
[Annotator "NA"]
[PlyCount "45"]
[EventDate "2019.12.08"]
[EventType "swiss"]
[EventCountry "ENG"]
[SourceTitle "playchess.com"]
[Source "ChessBase"]
[SourceQuality "1"]
[TimeControl "180+2"]

1. d4 f5 2. Nc3 Nf6 3. Bg5 g6 4. Qd2 Bg7 5. Bh6 O-O 6. Bxg7 Kxg7 7. h4 h5 8. Nh3 Nc6 9. O-O-O e5 10. d5 Na5 11. e4 Nxe4 12. Nxe4 fxe4 13. Qxa5 b6 14. Qb4 Qxh4 15. Be2 a5 16. Qc3 d6 17. Qxc7+ Rf7 18. Qxd6 Bg4 19. Qxe5+ Kg8 20. Ng5 Qxf2 21. Bxg4 Qf4+ 22. Qxf4 Rxf4 23. Be6+ 1-0

[Event "11th LCC Super Blitz 2019"]
[Site "London"]
[Date "2019.12.08"]
[Round "4.5"]
[White "Kennedy, Craig"]
[Black "Rishi, Thariani"]
[Result "0-1"]
[ECO "A00"]
[WhiteElo "1899"]
[BlackElo "2008"]
[Annotator "NA"]
[PlyCount "76"]
[EventDate "2019.12.08"]
[EventType "swiss"]
[EventCountry "ENG"]
[SourceTitle "playchess.com"]
[Source "ChessBase"]
[SourceQuality "1"]
[TimeControl "180+2"]

1. a3 d5 2. g3 c6 3. Bg2 e5 4. d3 Nf6 5. Nd2 Bd6 6. b4 O-O 7. Bb2 Re8 8. Ngf3 a5 9. c3 Na6 10. e4 Nc7 11. O-O h6 12. Nh4 g6 13. Nb3 a4 14. Nd2 Bf8 15. c4 dxc4 16. dxc4 Bg7 17. c5 Nb5 18. Nc4 Nd4 19. Nb6 Ra7 20. Nxa4 Bg4 21. f3 Be6 22. Nb6 Qe7 23. Bxd4 exd4 24. e5 Nd7 25. Nxd7 Qxd7 26. f4 Bc4 27. Re1 g5 28. Qc2 Be6 29. fxg5 hxg5 30. Nf3 d3 31. Qd2 g4 32. Nh4 Qd4+ 33. Kh1 Bd7 34. Rad1 Rxa3 35. Re4 Qc3 36. Qg5 Ra1 37. Rde1 Rxe1+ 38. Rxe1 Qxe1+ 0-1

[Event "11th LCC Super Blitz 2019"]
[Site "London"]
[Date "2019.12.08"]
[Round "4.6"]
[White "Van Zyl-Rudd, Jack"]
[Black "Pappelis, Dimitrios"]
[Result "1-0"]
[ECO "D30"]
[WhiteElo "2290"]
[BlackElo "2160"]
[Annotator "NA"]
[PlyCount "83"]
[EventDate "2019.12.08"]
[EventType "swiss"]
[EventCountry "ENG"]
[SourceTitle "playchess.com"]
[Source "ChessBase"]
[SourceQuality "1"]
[TimeControl "180+2"]

1. d4 d5 2. c4 e6 3. Nc3 c5 4. cxd5 exd5 5. Nf3 Nc6 6. g3 Nf6 7. Bg2 Be7 8. O-O O-O 9. dxc5 Bxc5 10. a3 Re8 11. b4 Bb6 12. Bb2 Bg4 13. Na4 d4 14. Nxb6 Qxb6 15. Bxd4 Nxd4 16. Qxd4 Rxe2 17. Qxb6 axb6 18. Nd4 Re7 19. a4 Kf8 20. a5 bxa5 21. bxa5 Rd8 22. Nb5 Be2 23. Rfb1 Bd3 24. Rb2 Be4 25. Bxe4 Nxe4 26. Re1 Nc5 27. Rxe7 Kxe7 28. Nc3 Ra8 29. Rb5 Kd6 30. Ne2 Kc6 31. Nd4+ Kd5 32. Nb3 Kc4 33. Rxc5+ Kxb3 34. Rb5+ Kc4 35. Rxb7 Rxa5 36. Rxf7 Rg5 37. h4 Rg6 38. Kg2 Kd5 39. f4 h5 40. Rf5+ Ke4 41. Rxh5 Rg4 42. Rg5 1-0

[Event "11th LCC Super Blitz 2019"]
[Site "London"]
[Date "2019.12.08"]
[Round "4.6"]
[White "Marusenko, Petr"]
[Black "Nettleton, Charlie B"]
[Result "1-0"]
[ECO "A51"]
[WhiteElo "2085"]
[BlackElo "2021"]
[Annotator "NA"]
[PlyCount "117"]
[EventDate "2019.12.08"]
[EventType "swiss"]
[EventCountry "ENG"]
[SourceTitle "playchess.com"]
[Source "ChessBase"]
[SourceQuality "1"]
[TimeControl "180+2"]

1. d4 Nf6 2. c4 e5 3. dxe5 Ne4 4. Nf3 Bb4+ 5. Bd2 Nxd2 6. Nbxd2 Nc6 7. a3 Bxd2+ 8. Qxd2 Qe7 9. Qc3 O-O 10. g3 Re8 11. Bg2 Nxe5 12. O-O d6 13. Nd4 a5 14. Rad1 a4 15. h3 Nd7 16. Rfe1 Nc5 17. Nc2 Be6 18. Ne3 Rf8 19. Nd5 Qd7 20. Kh2 f5 21. Nf4 Kh8 22. Nxe6 Qxe6 23. e3 Rae8 24. Bd5 Qh6 25. Rd4 Ne4 26. Qc2 Ng5 27. Rh4 Qf6 28. Re2 c6 29. Bg2 Re7 30. Qxa4 Rfe8 31. Qd1 h6 32. Rd2 Re6 33. Rhd4 Nf7 34. b4 g5 35. b5 cxb5 36. cxb5 R8e7 37. Bd5 Re5 38. Bxf7 Qxf7 39. Rxd6 f4 40. exf4 gxf4 41. Rxh6+ Kg7 42. Rh4 fxg3+ 43. fxg3 Rg5 44. Rg4 Qf5 45. Qa1+ Kh7 46. Rh4+ Rh5 47. Rxh5+ Qxh5 48. Qb1+ Kg7 49. Qd3 Qe5 50. Qd4 Kf6 51. Rf2+ Kg6 52. Qxe5 Rxe5 53. a4 Re4 54. Ra2 Rb4 55. h4 Kh5 56. Kh3 Rb3 57. Rd2 Rb4 58. Rd5+ Kh6 59. a5 1-0

[Event "11th LCC Super Blitz 2019"]
[Site "London"]
[Date "2019.12.08"]
[Round "4.6"]
[White "Rushbrooke, Remy"]
[Black "Toh, Q Kane"]
[Result "0-1"]
[ECO "B09"]
[WhiteElo "1877"]
[BlackElo "1606"]
[Annotator "NA"]
[PlyCount "53"]
[EventDate "2019.12.08"]
[EventType "swiss"]
[EventCountry "ENG"]
[SourceTitle "playchess.com"]
[Source "ChessBase"]
[SourceQuality "1"]
[TimeControl "180+2"]

1. d4 Nf6 2. Nc3 g6 3. e4 d6 4. f4 Bg7 5. Nf3 O-O 6. e5 Nfd7 7. Bc4 Nb6 8. Bb3 e6 9. h4 dxe5 10. dxe5 Qxd1+ 11. Kxd1 Bd7 12. h5 Bc6 13. hxg6 hxg6 14. Be3 N8d7 15. Ke2 Rfd8 16. Ng5 Bxg2 17. Rh2 Bc6 18. Rg1 Nf8 19. Nce4 Bxe4 20. Nxe4 Nd5 21. Bxd5 Rxd5 22. Rg3 Nd7 23. c4 Ra5 24. Bd4 c5 25. Bc3 Ra6 26. Nf6+ Nxf6 27. exf6 0-1

[Event "11th LCC Super Blitz 2019"]
[Site "London"]
[Date "2019.12.08"]
[Round "4.7"]
[White "Zulfic, Fedja"]
[Black "Watson, Mikey J"]
[Result "0-1"]
[ECO "D10"]
[WhiteElo "2032"]
[BlackElo "1748"]
[Annotator "NA"]
[PlyCount "106"]
[EventDate "2019.12.08"]
[EventType "swiss"]
[EventCountry "ENG"]
[SourceTitle "playchess.com"]
[Source "ChessBase"]
[SourceQuality "1"]
[TimeControl "180+2"]

1. d4 d5 2. c4 c6 3. cxd5 cxd5 4. Nc3 Nf6 5. Bf4 a6 6. e3 Nc6 7. Bd3 g6 8. h4 Bg7 9. Nge2 O-O 10. Ng3 h5 11. O-O b5 12. Rc1 Bb7 13. Bb1 Rc8 14. Bg5 Qd7 15. Qf3 Rfd8 16. Nce2 Ng4 17. Nf4 e5 18. Nxg6 fxg6 19. Bxd8 Rxd8 20. Bxg6 Rf8 21. Qe2 Qd6 22. Bxh5 Nf6 23. Nf5 Qd7 24. Bg6 Ne7 25. Nxe7+ Qxe7 26. Qc2 exd4 27. exd4 Ne4 28. h5 Bxd4 29. Bxe4 Qxe4 30. Qxe4 dxe4 31. Rc7 Rf7 32. Rfc1 Bxf2+ 33. Kh1 Bd5 34. Rxf7 Kxf7 35. Rc7+ Kg8 36. Ra7 Bxa2 37. Rxa6 Bc4 38. Ra7 e3 39. Re7 e2 40. g4 e1=Q+ 41. Rxe1 Bxe1 42. Kg2 Kg7 43. Kf3 Bd2 44. Ke4 Kh6 45. Kf5 Bc1 46. b4 Bd3+ 47. Ke5 Kg5 48. Kd4 Bc4 49. Kc5 Kxg4 50. h6 Bxh6 51. Kb6 Bd2 52. Ka5 Kf4 53. Ka6 Bxb4 0-1

[Event "11th LCC Super Blitz 2019"]
[Site "London"]
[Date "2019.12.08"]
[Round "4.7"]
[White "Van Hoof, Alexander"]
[Black "Joslin, Tim"]
[Result "0-1"]
[ECO "A52"]
[WhiteElo "1968"]
[BlackElo "1822"]
[Annotator "NA"]
[PlyCount "60"]
[EventDate "2019.12.08"]
[EventType "swiss"]
[EventCountry "ENG"]
[SourceTitle "playchess.com"]
[Source "ChessBase"]
[SourceQuality "1"]
[TimeControl "180+2"]

1. d4 Nf6 2. c4 e5 3. dxe5 Ng4 4. Nf3 Nc6 5. Bf4 Bb4+ 6. Nbd2 Qe7 7. a3 Bc5 8. e3 Ngxe5 9. b4 Nxf3+ 10. Nxf3 Bd6 11. Bxd6 cxd6 12. Be2 O-O 13. O-O b6 14. Nd4 Ne5 15. Nf5 Qe6 16. Qc2 Bb7 17. Nd4 Qh6 18. Nf5 Qg5 19. Ng3 Qh4 20. Rac1 Rac8 21. Qd2 Nxc4 22. Bxc4 Rxc4 23. Qxd6 Bc6 24. Nf5 Qg5 25. Ne7+ Kh8 26. Ng6+ hxg6 27. Qxf8+ Kh7 28. f3 Rxc1 29. Rxc1 Qxe3+ 30. Kf1 Bb5+ 0-1

[Event "11th LCC Super Blitz 2019"]
[Site "London"]
[Date "2019.12.08"]
[Round "4.7"]
[White "Mohnblatt, Nicolas"]
[Black "Gudenas, Motiejus"]
[Result "0-1"]
[ECO "A43"]
[WhiteElo "1689"]
[BlackElo "1993"]
[Annotator "NA"]
[PlyCount "68"]
[EventDate "2019.12.08"]
[EventType "swiss"]
[EventCountry "ENG"]
[SourceTitle "playchess.com"]
[Source "ChessBase"]
[SourceQuality "1"]
[TimeControl "180+2"]

1. d4 Nf6 2. Nc3 c5 3. d5 d6 4. e4 g6 5. f3 Bg7 6. Be3 O-O 7. Qd2 Re8 8. Bh6 Bh8 9. h4 e6 10. O-O-O exd5 11. Nxd5 Nxd5 12. Qxd5 Qb6 13. c3 Qa5 14. Bc4 Be6 15. Qd3 Nd7 16. h5 Ne5 17. Qb1 Nxc4 18. hxg6 fxg6 19. Ne2 b5 20. Nf4 b4 21. e5 Nxe5 22. Rde1 Bf5 23. Re4 bxc3 24. b3 Bxe4 25. Qxe4 Bf6 26. Qd5+ Kh8 27. Qxd6 Nd7 28. Rd1 Re2 29. Nd3 Rd2 30. Rxd2 cxd2+ 31. Kd1 Qd8 32. Nxc5 Nxc5 33. Qxc5 Rc8 34. Qb5 Rc1+ 0-1

[Event "11th LCC Super Blitz 2019"]
[Site "London"]
[Date "2019.12.08"]
[Round "4.8"]
[White "Zhao, Haolin"]
[Black "Iyengar, Ilya"]
[Result "0-1"]
[ECO "A03"]
[WhiteElo "1725"]
[BlackElo "1984"]
[Annotator "NA"]
[PlyCount "94"]
[EventDate "2019.12.08"]
[EventType "swiss"]
[EventCountry "ENG"]
[SourceTitle "playchess.com"]
[Source "ChessBase"]
[SourceQuality "1"]
[TimeControl "180+2"]

1. f4 d5 2. b3 Nf6 3. Bb2 g6 4. Nf3 Bg7 5. e3 c5 6. Bd3 O-O 7. O-O Nc6 8. Qe1 Qc7 9. h3 b6 10. g4 Bb7 11. Nc3 Nb4 12. Ne2 Nxd3 13. cxd3 Ba6 14. Qh4 Bxd3 15. Rae1 Ne4 16. Bxg7 Kxg7 17. Ng5 Nxg5 18. Qxg5 Rad8 19. Rf2 f6 20. Qh4 e5 21. f5 g5 22. Qg3 Bxe2 23. Rexe2 c4 24. h4 h6 25. hxg5 hxg5 26. Rh2 Rh8 27. Rh5 Rxh5 28. gxh5 Kh6 29. Qg4 cxb3 30. axb3 Qc5 31. Qa4 a5 32. d4 Qc8 33. dxe5 Qxf5 34. exf6 Qxf6 35. Qg4 Rf8 36. Qg2 Qf5 37. e4 dxe4 38. Rxe4 Kxh5 39. Qh2+ Kg6 40. Qd6+ Rf6 41. Qd3 Kg7 42. Re7+ Kg6 43. Re4 Kf7 44. Qc4+ Kf8 45. Qd3 Qf2+ 46. Kh1 Rh6+ 47. Qh3 Rxh3# 0-1

[Event "11th LCC Super Blitz 2019"]
[Site "London"]
[Date "2019.12.08"]
[Round "4.8"]
[White "Ignatovic, Ernest"]
[Black "Janula, Mariusz"]
[Result "1-0"]
[ECO "A01"]
[WhiteElo "1703"]
[BlackElo "1767"]
[Annotator "NA"]
[PlyCount "49"]
[EventDate "2019.12.08"]
[EventType "swiss"]
[EventCountry "ENG"]
[SourceTitle "playchess.com"]
[Source "ChessBase"]
[SourceQuality "1"]
[TimeControl "180+2"]

1. b3 e5 2. Bb2 Nc6 3. e3 d5 4. Bb5 Bd6 5. Nf3 Qe7 6. d4 e4 7. Ne5 Bd7 8. Nxd7 Qxd7 9. Be2 f5 10. c4 Nf6 11. Qc1 O-O 12. Ba3 a5 13. Bxd6 cxd6 14. cxd5 Nxd5 15. Bc4 Nce7 16. Nc3 Qe6 17. O-O Kh8 18. Qa3 Rac8 19. Qxa5 Rxc4 20. bxc4 b6 21. cxd5 Qg6 22. Qxb6 f4 23. Nxe4 Qxe4 24. Qxd6 Nf5 25. Qxf8# 1-0